 Dungeon Crawl Stone Soup version 0.30-a0-54-g2e61a25929 (webtiles) character file.

Game seed: 15976328908246971320

9 Newt the Shooter (level 2, -5/19 HPs)
             Began as a Kobold Hunter on Sept 8, 2022.
             Slain by a gnoll
             ... wielding a +0 spear
              (8 damage)
             ... on level 2 of the Dungeon.
             The game lasted 00:00:25 (838 turns).

Newt the Shooter (Kobold Hunter)                     Turns: 838, Time: 00:00:26

Health: -5/19      AC:  3    Str:  8    XL:     2   Next: 25%
Magic:  2/2        EV: 14    Int: 10    God:
Gold:   78         SH:  0    Dex: 18    Spells: 1/1 levels left

rFire   . . .      SeeInvis .    a - +0 shortbow
rCold   . . .      Faith    .    (shield currently unavailable)
rNeg    . . .      Spirit   .    c - +0 leather armour
rPois   .          Reflect  .    (no helmet)
rElec   .          Harm     .    (no cloak)
rCorr   .          Rampage  .    (no gloves)
Will    .....                    (no boots)
Stlth   +++.......               (no amulet)
HPRegen 0.06/turn                (no ring)
MPRegen 0.08/turn                (no ring)

@: no status effects
A: small, no large weapons, nightstalker 3
a: no special abilities


You were on level 2 of the Dungeon.
You visited 1 branch of the dungeon, and saw 2 of its levels.

You collected 78 gold pieces.

Inventory:

Hand Weapons
 a - a +0 shortbow (weapon)
Armour
 c - a +0 leather armour (worn)
Jewellery
 e - a +6 ring of dexterity
Scrolls
 b - 4 scrolls of immolation
 g - a scroll of torment {unknown}
 i - a scroll of teleportation {unknown}
 j - a scroll of poison {unknown}
 l - a scroll of blinking {unknown}
Potions
 d - a potion of invisibility {unknown}
 f - a potion of lignification {unknown}
 h - a potion of curing {unknown}
 k - a potion of brilliance {unknown}


   Skills:
 + Level 3.1 Fighting
 - Level 5.3 Ranged Weapons
 - Level 2.4 Dodging
 - Level 1.3 Stealth


You had one spell level left.
You didn't know any spells.
Your spell library was empty.

Dungeon Overview and Level Annotations

Branches:
Dungeon (2/15)

Altars:


Innate Abilities, Weirdness & Mutations

You are small and have problems with some larger weapons.
You are completely attuned to the shadows.


Message History

You shoot an arrow. The arrow barely misses the gnoll.
The gnoll closely misses you.
You shoot an arrow. The arrow hits the gnoll.
The gnoll is heavily wounded.
The gnoll barely misses you.
You shoot an arrow.
The arrow hits the gnoll but does no damage.
The gnoll is heavily wounded.
The gnoll hits you from afar with a +0 spear.
You shoot an arrow. The arrow barely misses the gnoll.
The gnoll hits you from afar with a +0 spear! x2
* * * LOW HITPOINT WARNING * * *
You are too injured to fight recklessly!
You are too injured to fight recklessly!
You are too injured to fight recklessly!
You are too injured to fight recklessly!
You are too injured to fight recklessly!
You are too injured to fight recklessly!
You are too injured to fight recklessly!
You are too injured to fight recklessly!
You are too injured to fight recklessly!
You are too injured to fight recklessly!
You are too injured to fight recklessly!
You are too injured to fight recklessly!
You are too injured to fight recklessly!
You are too injured to fight recklessly!
You are too injured to fight recklessly!
You are too injured to fight recklessly!
You are too injured to fight recklessly!
You are too injured to fight recklessly!
You are too injured to fight recklessly!
You are too injured to fight recklessly!
You are too injured to fight recklessly!
Unknown command.
Fire: a) +0 shortbow
Press: ? - help, Shift-Dir - straight line, f/p - gnoll
Aim: a gnoll, wielding a +0 spear (heavily wounded, 68% to hit)
You shoot an arrow. The arrow barely misses the gnoll.
The gnoll hits you from afar with a +0 spear!
You die...

#.....
.....###
#
?...#<#.#
#..#.#.#
#.@....#
##..g#...
####..##
..# ..#
..#


You could see a gnoll.

Vanquished Creatures
  A dart slug (D:1)
  2 ball pythons (D:2)
  An endoplasm (D:1)
  2 kobolds (D:1)
  A bat (D:1)
7 creatures vanquished.

Notes
Turn   | Place    | Note
-------+----------+-------------------------------------------
     0 | D:1      | Newt the Kobold Hunter began the quest for the Orb.
     0 | D:1      | Reached XP level 1. HP: 12/12 MP: 1/1
   588 | D:1      | Reached XP level 2. HP: 17/18 MP: 2/2
   838 | D:2      | Slain by a gnoll

Illustrated notes

Levels and vault maps discovered:
D:1:      psy_arrival_dodecagon, layout_basic, nrook_mini_backslash
D:2:      layout_basic, serial_glass, glass_columns_b, glass_columns_a,
          due_unseen_surprise, dreamdust_ecumenical_altar_drowned_temple,
          minmay_nonomino_d4

Skill      XL: |  1  2 |
---------------+-------+-----
Fighting       | 3 |  3.1
Ranged Weapons | |  5.3
Dodging        | |  2.4
Stealth        | |  1.3

Action                   || total
-------------------------++-------
 Fire: Shortbow          ||    30
Armor: Leather armour    ||     5
Dodge: Dodged            ||    13

Table legend: (Time is in decaauts)
 A = Elapsed time spent in this place.
 B = Non-inter-level travel time spent in this place.
 C = Inter-level travel time spent in this place.
 D = Time resting spent in this place.
 E = Time spent auto-exploring this place.
 F = Levels seen in this place.
 G = Mean time per level.
                   A        B        C        D        E       F      G
               +--------+--------+--------+--------+--------+-----+--------+
         Total |    846 |    838 |      8 |    368 |    406 |   2 |  423.0 |
       Dungeon |    846 |    838 |      8 |    368 |    406 |   2 |  423.0 |
               +--------+--------+--------+--------+--------+-----+--------+

Top non-repeatable levels by time:
     D:1: 829 daAuts
     D:2: 17 daAuts
